 Dungeon Crawl Stone Soup version 0.22.1-1-ga44c0e56f4 (webtiles) character file.

82357 Peloso the Peltast (level 15, -5/137 HPs)
             Began as a Minotaur Fighter on Oct 2, 2018.
             Was the Champion of Okawaru.
             Slain by a stone giant (12 damage)
             ... on level 1 of the Orcish Mines.
             The game lasted 01:11:08 (29483 turns).

Peloso the Peltast (Minotaur Fighter)              Turns: 29483, Time: 01:11:09

Health: -5/137     AC: 25    Str: 25    XL:     15   Next: 29%
Magic:  15/15      EV: 17    Int:  1    God:    Okawaru [******]
Gold:   1885       SH: 17    Dex: 15    Spells: 14/14 levels left

rFire    + . .     SeeInvis .   s - +5 long sword
rCold    + + +     Gourm    .   c - +0 shield
rNeg     . . .     Faith    .   t - +2 chain mail {MR+}
rPois    .         Spirit   .   B - +1 hat
rElec    +         Reflect  .   W - +1 cloak "Vapluqiops" {rElec rC+++ Int-4 Stlth+}
rCorr    .         Harm     .   D - +1 pair of gloves {Dex+3}
MR       ++...                  O - +0 pair of boots
Stlth    ++........             d - amulet "Soeluas" {RegenMP rElec rF+ MR-}
HPRegen  0.32/turn              r - ring of wizardry
MPRegen  0.39/turn              w - ring of protection from magic

@: heroism
A: retaliatory headbutt, horns 2
a: Heroism, Finesse, Renounce Religion


You were on level 1 of the Orcish Mines.
You worshipped Okawaru.
Okawaru was exalted by your worship.
You were not hungry.

You visited 4 branches of the dungeon, and saw 23 of its levels.
You also visited: Labyrinth.

You collected 1885 gold pieces.

Inventory:

Hand Weapons
 s - a +5 long sword (weapon)
 x - a +2 long sword of flaming
Armour
 c - a +0 shield (worn)
 q - a scarf of resistance
 t - a +2 chain mail of magic resistance (worn)
 B - a +1 hat (worn)
 D - a +1 pair of gloves of dexterity (worn)
 O - a +0 pair of boots (worn)
 W - the +1 cloak "Vapluqiops" (worn) {rElec rC+++ Int-4 Stlth+}
   (Okawaru gifted it to you on level 3 of the Lair of Beasts)

   It affects your intelligence (-4).
   It renders you almost immune to cold.
   It insulates you from electricity.
   It makes you more stealthy.
Jewellery
 a - an uncursed ring of ice
 d - the amulet "Soeluas" (around neck) {RegenMP rElec rF+ MR-}
   (You found it on level 1 of the Lair of Beasts)

   [amulet of magic regeneration]

   It increases your magic regeneration.
   It protects you from fire.
   It insulates you from electricity.
   It affects your resistance to hostile enchantments.
 r - a ring of wizardry (left hand)
 u - an uncursed ring of resist corrosion
 w - a ring of protection from magic (right hand)
 y - an uncursed ring of protection from fire
 A - a cursed ring of protection from magic
 I - an uncursed ring of ice
Wands
 b - a wand of polymorph (13)
 j - a wand of enslavement (12)
 m - a wand of paralysis (19)
 o - a wand of digging (16)
 J - a wand of acid (6)
Scrolls
 e - a scroll of fear
 g - a scroll of blinking
 k - 2 scrolls of identify
 l - a scroll of fog
 v - 2 scrolls of enchant weapon
 z - 8 scrolls of remove curse
 G - 3 scrolls of teleportation
 H - 2 scrolls of magic mapping
 K - a scroll of amnesia
 Y - 2 scrolls of noise
Potions
 h - 4 potions of haste
 i - a potion of invisibility
 n - a potion of agility
 p - 6 potions of curing
 C - 3 potions of heal wounds
 E - 3 potions of flight
 F - a potion of ambrosia
 P - 5 potions of resistance
Comestibles
 f - 37 rations
 L - 5 chunks of flesh


   Skills:
 + Level 13.9(18.9) Fighting
 + Level 16.1(21.1) Long Blades
 + Level 14.4(19.4) Armour
 + Level 7.7(12.7) Dodging
 + Level 3.0(8.0) Stealth
 + Level 16.9(21.9) Shields
 + Level 1.8 Invocations
 + Level 1.5 Evocations


You had 14 spell levels left.
You didn't know any spells.
Your spell library contained the following spells:

 Spells                   Type           Power        Failure   Level  Hunger
 Corona                   Hex            #......      63%         1    ##.....
 Infusion                 Chrm           #...         63%         1    ##.....
 Magic Dart               Conj           #...         63%         1    ##.....
 Sandblast                Erth           #.....       63%         1    ##.....
 Sting                    Conj/Pois      #...         63%         1    ##.....
 Blink                    Tloc           N/A          77%         2    ###....
 Call Imp                 Summ           #.......     77%         2    ###....
 Ensorcelled Hibernation  Hex/Ice        #.....       77%         2    ###....
 Passwall                 Tmut/Erth      #.......     77%         2    ###....
 Poisonous Vapours        Pois/Air       #.....       77%         2    ###....
 Searing Ray              Conj           #.....       77%         2    ###....
 Shroud of Golubria       Chrm/Tloc      #.........   77%         2    ###....
 Slow                     Hex            #.......     77%         2    ###....
 Song of Slaying          Chrm           #.......     77%         2    ###....
 Confuse                  Hex            #.......     92%         3    ####...
 Conjure Flame            Conj/Fire      #.......     92%         3    ####...
 Dazzling Spray           Conj/Hex       #.....       92%         3    ####...
 Ignite Poison            Fire/Tmut/Pois #.......     92%         3    ####...
 Mephitic Cloud           Conj/Pois/Air  #.......     92%         3    ####...
 Regeneration             Chrm/Necr      #.........   92%         3    ####...
 Spectral Weapon          Hex/Chrm       #.......     92%         3    ####...
 Static Discharge         Conj/Air       #.......     92%         3    ####...
 Stone Arrow              Conj/Erth      #.....       92%         3    ####...
 Tukima's Dance           Hex            #.......     92%         3    ####...
 Force Lance              Conj/Tloc      #.......     100%        4    #####..
 Fulminant Prism          Conj/Hex       #.........   100%        4    #####..
 Iskenderun's Mystic Bla  Conj           #.......     100%        4    #####..
 Leda's Liquefaction      Hex/Erth       #.........   100%        4    #####..
 Olgreb's Toxic Radiance  Pois           #.......     100%        4    #####..
 Petrify                  Tmut/Erth      #.......     100%        4    #####..
 Bolt of Magma            Conj/Fire/Erth #.........   100%        5    ######.
 Borgnjor's Vile Clutch   Necr/Erth      #.........   100%        5    ######.
 Fireball                 Conj/Fire      #.........   100%        5    ######.
 Iskenderun's Battlesphe  Conj/Chrm      #.......     100%        5    ######.
 Lee's Rapid Deconstruct  Erth           #.........   100%        5    ######.
 Lightning Bolt           Conj/Air       #.........   100%        5    ######.
 Silence                  Hex/Air        #.........   100%        5    ######.
 Venom Bolt               Conj/Pois      #.........   100%        5    ######.
 Bolt of Fire             Conj/Fire      #.........   100%        6    #######
 Darkness                 Hex            #.........   100%        6    #######
 Iron Shot                Conj/Erth      #.........   100%        6    #######
 Shadow Creatures         Summ           N/A          100%        6    #######
 Statue Form              Tmut/Erth      #........    100%        6    #######
 Orb of Destruction       Conj           #.........   100%        7    #######
 Ring of Flames           Chrm/Fire      #.........   100%        7    #######
 Spellforged Servitor     Conj/Summ      #.........   100%        7    #######
 Ignition                 Fire           #.........   100%        8    #######
 Shatter                  Erth           #.........   100%        9    #######
 Tornado                  Air            #.........   100%        9    #######


Dungeon Overview and Level Annotations

Branches:
Dungeon (14/15)            Temple (1/1) D:5            Lair (6/6) D:10
  Swamp (0/4) Lair:2        Snake (0/4) Lair:4        Slime (0/5) Lair:5
    Orc (2/2) D:12         Vaults (0/5) D:13
    Elf: Orc:2

Altars:
Ashenzari
Cheibriados
Dithmenos
Fedhas
Gozag
Hepliaklqana
Kikubaaqudgha
Makhleb
Okawaru
Qazlal
Ru
Sif Muna
Trog
Uskayaw
Wu Jian
Xom
Yredelemnul
The Shining One
Jiyva

Shops:
D:5 *   D:9 (   D:11 [   D:14 :


Innate Abilities, Weirdness & Mutations

You reflexively headbutt those who attack you in melee.
You have a pair of horns on your head.


Message History

The stone giant is heavily wounded.
The stone giant hits you.
* * * LOW HITPOINT WARNING * * *
Unknown command.
You slash the stone giant!
The stone giant is severely wounded.
The stone giant hits you but does no damage.
Unknown command.
You hit the stone giant but do no damage.
You headbutt the stone giant, but do no damage.
The stone giant is severely wounded.
Unknown command.
You slice the stone giant!!
The stone giant is almost dead.
The stone giant hits you!!
* * * LOW HITPOINT WARNING * * *
You barely miss the stone giant.
The stone giant is almost dead.
The stone giant hits you!
You die...

#.....### ##......##
#####).......#
##....)##....####
#......##.....#.#
#.....#####.....#
####.......##.....##
##.####...C.....#.##
#...# #..#.@....### #
###...# ####.)...#.#
####....#######.....###
..#.........#........##
......................###
......###.......##......#
......# #.......###....##
......#####....#####...##
.......###...)[).#......#


You could see a stone giant.

Vanquished Creatures
  Rupert (D:12)
  Frances (D:13)
  The ghost of Jannitor the Fighter, a journeyman OgSu of Xom (Lair:3)
  Nessos (D:14)
  A minotaur (Lab)
  Snorg (D:12)
  Fannar (D:11)
  A fire dragon (Lair:6)
  Harold (D:7)
  5 hydras
  The ghost of Qetijior the Arsonist, a journeyman OpFE of Vehumet (Lair:1)
  A catoblepas (Lair:6)
  A death knight (D:11)
  2 centaur warriors
  5 two-headed ogres
  3 death yaks
  An orc high priest (Orc:1)
  Nergalle (D:10)
  7 skeletal warriors
  An unseen horror (D:11)
  A lindwurm (Lair:6)
  2 deep elf magi
  A necromancer (D:13)
  Pikel (D:7)
  4 cyclopes
  2 ugly things
  2 orc sorcerers (Orc:1)
  2 manticores
  3 elephants (Lair:2)
  3 black mambas
  Maurice (D:12)
  6 torpor snails (Lair:6)
  A gargoyle (D:14)
  16 spiny frogs
  8 komodo dragons
  4 rime drakes
  2 freezing wraiths (D:11)
  5 trolls
  4 tyrant leeches (Lair:6)
  10 polar bears
  4 raiju (Lair:6)
  7 hornets
  8 dream sheep (Lair:6)
  3 hippogriffs
  18 flying skulls
  A shadow (D:14)
  44 yaks
  A spriggan (D:8)
  2 wyverns (Lair:6)
  3 basilisks
  A steam dragon (Lair:3)
  4 vampire mosquitoes
  6 hungry ghosts
  Menkaure (D:4)
  Edmund (D:5)
  8 water moccasins
  6 wargs (Lair:6)
  11 hell hounds (Lair:6)
  14 porcupines
  A swamp drake (D:12)
  7 ice beasts
  6 orc warriors
  2 sky beasts
  12 black bears
  An eye of draining (D:14)
  A necrophage (D:5)
  4 phantoms
  7 ogres
  21 wolves
  13 centaurs
  19 crocodiles
  3 big kobolds
  Blork the orc (D:4)
  16 bullfrogs
  A gnoll sergeant (D:9)
  4 scorpions
  A wyvern skeleton (D:13)
  18 wights
  A vampire bat (Lair:3)
  5 centaur zombies
  3 lava snakes (Lair:4)
  3 crimson imps
  A quasit (D:9)
  4 jellies
  6 hounds
  8 orc priests
  3 bullfrog skeletons
  15 orc wizards
  4 centaur skeletons
  4 iguanas
  Natasha (twice) (D:2)
  13 worker ants
  A killer bee zombie (D:9)
  A centaur simulacrum (D:10)
  2 hound skeletons
  A howler monkey zombie (D:11)
  A worker ant zombie (D:11)
  Robin (D:4)
  10 gnolls
  13 adders
  2 shadow imps
  3 oozes
  2 adder skeletons
  3 worms
  2 dart slugs
  4 leopard geckos
  70 orcs
  2 ball pythons
  20 bats
  3 giant cockroaches
  2 gnoll zombies (D:9)
  15 goblins
  13 hobgoblins
  13 jackals
  2 quokkas
  3 frilled lizards
  26 kobolds
  A quokka skeleton (D:4)
  7 rats
  A bush (Lair:5)
  A butterfly (Lair:2)
  A plant (Lair:1)
694 creatures vanquished.

Vanquished Creatures (others)
  A centaur (D:7)
  A wight (D:12)
  2 iguanas
  A kobold (D:13)
  2 bushes (Lair:3)
  9 fungi
  21 plants (Lair:6)
37 creatures vanquished.

Grand Total: 731 creatures vanquished

Notes
Turn   | Place    | Note
-------+----------+-------------------------------------------
     0 | D:1      | Peloso the Minotaur Fighter began the quest for the Orb.
     0 | D:1      | Reached XP level 1. HP: 19/19 MP: 0/0
    86 | D:1      | Reached XP level 2. HP: 19/27 MP: 1/1
   448 | D:1      | Reached XP level 3. HP: 33/33 MP: 2/2
   866 | D:2      | Reached XP level 4. HP: 33/40 MP: 3/3
   964 | D:2      | Noticed Natasha
   969 | D:2      | Killed Natasha
  1370 | D:2      | Noticed Natasha
  1383 | D:2      | Killed Natasha
  1383 | D:2      | Reached XP level 5. HP: 22/47 MP: 4/4
  2584 | D:4      | Reached skill level 5 in Shields
  2610 | D:4      | Reached skill level 5 in Armour
  2610 | D:4      | Reached XP level 6. HP: 42/53 MP: 5/5
  2615 | D:4      | Reached skill level 1 in Stealth
  2741 | D:4      | Noticed Blork the orc
  2753 | D:4      | Killed Blork the orc
  2753 | D:4      | Reached skill level 5 in Long Blades
  3024 | D:4      | Noticed Robin
  3043 | D:4      | Killed Robin
  3353 | D:4      | Reached XP level 7. HP: 60/60 MP: 6/6
  3408 | D:4      | Noticed Menkaure
  3409 | D:4      | Killed Menkaure
  3579 | D:5      | Entered Level 5 of the Dungeon
  3697 | D:5      | Reached skill level 5 in Fighting
  3697 | D:5      | Reached skill level 1 in Dodging
  3729 | D:5      | Noticed Edmund
  3747 | D:5      | Killed Edmund
  4090 | D:5      | Found Fuhaditu's Assorted Antiques.
  4184 | D:5      | Reached XP level 8. HP: 64/68 MP: 5/7
  4794 | D:5      | Found a staircase to the Ecumenical Temple.
  4803 | Temple   | Entered the Ecumenical Temple
  4824 | Temple   | Became a worshipper of Warmaster Okawaru
  4955 | D:5      | Noticed a troll
  4963 | D:5      | Killed a troll
  5086 | D:6      | Reached XP level 9. HP: 77/77 MP: 8/8
  5229 | D:6      | Reached * piety under Okawaru
  5606 | D:6      | Paralysed by a hornet for 3 turns
  6323 | D:7      | Noticed Pikel
  6339 | D:7      | Killed Pikel
  6339 | D:7      | Reached skill level 10 in Long Blades
  6432 | D:7      | Found a bloodstained altar of Trog.
  6476 | D:7      | Noticed Harold
  6491 | D:7      | Killed Harold
  6491 | D:7      | Reached ** piety under Okawaru
  7209 | D:8      | Reached XP level 10. HP: 86/86 MP: 9/9
  7239 | D:8      | Found a hazy altar of Hepliaklqana.
  7432 | D:8      | Found a burning altar of Makhleb.
  7548 | D:8      | Found a blossoming altar of Fedhas.
  7612 | D:8      | Reached *** piety under Okawaru
  7826 | D:8      | Found a shimmering altar of Xom.
  7830 | D:8      | Found a shattered altar of Ashenzari.
  7840 | D:8      | Found a stormy altar of Qazlal.
  8157 | D:9      | Found Xarphaho's Antique Weapon Shop.
  8238 | D:9      | Noticed a two-headed ogre
  8243 | D:9      | Killed a two-headed ogre
  8301 | D:9      | Found a shadowy altar of Dithmenos.
  8514 | D:9      | Found a basalt altar of Yredelemnul.
  8857 | D:10     | Entered Level 10 of the Dungeon
  8946 | D:10     | Noticed Nergalle
  8962 | D:10     | Killed Nergalle
  8962 | D:10     | Reached **** piety under Okawaru
  9024 | D:10     | Noticed a death yak
  9038 | D:10     | Noticed a death yak
  9080 | D:9      | Killed a death yak
  9080 | D:9      | Reached XP level 11. HP: 42/97 MP: 4/10
  9379 | D:10     | Noticed a death yak
  9393 | D:10     | Killed a death yak
  9393 | D:10     | Reached ***** piety under Okawaru
  9393 | D:10     | Reached skill level 10 in Armour
  9513 | D:9      | Killed a death yak
 10112 | D:10     | Found a staircase to the Lair.
 10115 | D:10     | Found a bloodstained altar of Trog.
 10652 | D:11     | Found Jaro's Antique Armour Shop.
 10706 | D:11     | Killed an unseen horror
 10866 | D:11     | Received a gift from Okawaru
 11088 | D:11     | Noticed a death knight
 11092 | D:11     | Noticed a skeletal warrior
 11535 | Lair:1   | Entered Level 1 of the Lair of Beasts
 11540 | Lair:1   | Reached skill level 10 in Shields
 11675 | Lair:1   | Noticed Qetijior's ghost (journeyman OpFE)
 11676 | Lair:1   | Found a runed gate.
 11678 | Lair:1   | Found a runed gate.
 11692 | Lair:1   | Found a runed gate.
 11724 | Lair:1   | Killed Qetijior's ghost
 11724 | Lair:1   | Reached skill level 10 in Fighting
 11748 | Lair:1   | Got a coiled crystal amulet
 11751 | Lair:1   | Identified the amulet "Soeluas" {RegenMP rElec rF+ MR-}
                  | (You found it on level 1 of the Lair of Beasts)
 12538 | Lair:1   | Reached XP level 12. HP: 90/107 MP: 11/11
 13188 | Lair:2   | Found a staircase to the Swamp.
 13312 | Lair:2   | You fall through a shaft!
 13413 | Lair:3   | Noticed Jannitor's ghost (journeyman OgSu)
 13416 | Lair:3   | Found a runed door.
 13444 | Lair:3   | HP: 5/108 [poisoned by a black mamba]
 13450 | Lair:3   | HP: 5/108 [poisoned by a black mamba]
 13458 | Lair:3   | HP: 5/108 [poisoned by a black mamba]
 14534 | Lair:3   | Reached skill level 5 in Dodging
 14563 | Lair:3   | Received a gift from Okawaru
 14606 | Lair:3   | Got a slimy cloak {god gift}
 14617 | Lair:3   | Identified the +1 cloak "Vapluqiops" {rElec rC+++ Int-4
                  | Stlth+} (Okawaru gifted it to you on level 3 of the Lair of
                  | Beasts)
 15910 | Lair:2   | Reached ****** piety under Okawaru
 16448 | Lair:4   | Found a staircase to the Snake Pit.
 16710 | Lair:4   | Identified a scroll of acquirement
 17357 | Lair:4   | Noticed an eight-headed hydra
 17365 | Lair:4   | Killed a four-headed hydra
 17853 | Lair:3   | Killed Jannitor's ghost
 17853 | Lair:3   | Reached XP level 13. HP: 113/116 MP: 12/12
 17936 | Lair:5   | Reached skill level 1 in Evocations
 17986 | Lair:5   | Found a labyrinth entrance.
 17994 | Lab      | Entered a labyrinth
 18563 | Lab      | Noticed a minotaur
 18586 | Lab      | Killed a minotaur
 18621 | Lair:5   | Reached skill level 1 in Invocations
 18797 | Lair:5   | Found a runed door.
 18806 | Lair:5   | Found a viscous altar of Jiyva.
 19244 | Lair:5   | Found a staircase to the Slime Pits.
 19353 | Lair:6   | Entered Level 6 of the Lair of Beasts
 19410 | Lair:6   | Received a gift from Okawaru
 19429 | Lair:6   | Got a translucent falchion {god gift}
 19430 | Lair:6   | Identified the +3 falchion "Buhuo" {pain, rN+ Stlth+}
                  | (Okawaru gifted it to you on level 6 of the Lair of Beasts)
 20412 | Lair:6   | Reached skill level 15 in Long Blades
 20914 | Lair:6   | Found a runed door.
 20940 | Lair:6   | Paralysed by a hornet for 3 turns
 22070 | Lair:6   | Received a gift from Okawaru
 22102 | Lair:6   | Reached XP level 14. HP: 97/127 MP: 14/14
 23865 | D:11     | Noticed Fannar
 23875 | D:11     | Killed Fannar
 23875 | D:11     | Reached skill level 15 in Shields
 24161 | D:12     | Noticed Maurice
 24189 | D:12     | Killed Maurice
 24238 | D:12     | Found a staircase to the Orcish Mines.
 24543 | D:12     | Noticed Rupert
 24570 | D:12     | Killed Rupert
 24661 | D:12     | Received a gift from Okawaru
 24901 | D:12     | Noticed Snorg
 24924 | D:12     | Killed Snorg
 25344 | D:13     | Received a gift from Okawaru
 26202 | D:13     | Noticed Frances
 26223 | D:13     | Killed Frances
 26261 | D:13     | Found the +3 giant club "Skullcrusher" {speed, Str+7}
 27083 | D:13     | Found a gate to the Vaults.
 27167 | D:14     | Reached XP level 15. HP: 117/136 MP: 15/15
 27708 | D:14     | Noticed Nessos
 27725 | D:14     | Killed Nessos
 27725 | D:14     | Received a gift from Okawaru
 28069 | D:14     | Found Zudwilug's Book Shoppe.
 29248 | Orc:1    | Entered Level 1 of the Orcish Mines
 29452 | Orc:2    | Entered Level 2 of the Orcish Mines
 29482 | Orc:1    | HP: 6/137 [stone giant (20)]
 29483 | Orc:1    | Slain by a stone giant

Skill      XL: |  1  2  3  4  5  6  7  8  9 10 11 12 13 14 15 |
---------------+----------------------------------------------+-----
Armour         | 4 5 6 7 9 11 12 13 14 | 14.4
Shields        | 4 5 6 7 9 10 12 14 16 | 16.9
Fighting       | 4 5 6 7 9 10 11 12 13 | 13.9
Long Blades    | 3 4 5 7 9 11 12 13 14 15 16 | 16.1
Stealth        | 1 2 3 |  3.0
Dodging        | 1 2 4 5 6 7 |  7.7
Evocations     | 1 |  1.5
Invocations    | 1 |  1.8

Action                   |  1- 3 |  4- 6 |  7- 9 | 10-12 | 13-15 || total
-------------------------+-------+-------+-------+-------+-------++-------
Melee: Long sword        |    71 |   169 |   237 |   766 |  1118 ||  2361
       Headbutt          |    15 |    30 |    42 |   178 |   440 ||   705
       Falchion          |       |       |       |       |   486 ||   486
Invok: Heroism           |       |       |     1 |     5 |    10 ||    16
Evoke: Wand              |       |       |       |     8 |     3 ||    11
  Use: Scroll            |       |    10 |     3 |    19 |     9 ||    41
       Potion            |       |       |     1 |     1 |     2 ||     4
  Eat: Chunk             |       |     8 |    12 |    23 |    32 ||    75
       Ration            |       |       |       |     4 |     3 ||     7
Armor: Scale mail        |    47 |     3 |       |       |       ||    50
       Chain mail        |       |    97 |    74 |   273 |   511 ||   955
Dodge: Dodged            |    26 |    40 |    48 |   209 |   494 ||   817
       Deflected         |       |       |       |     1 |       ||     1
Block: Shield            |    48 |    88 |    96 |   426 |   999 ||  1657
       Rpst.: Long sword |     6 |     7 |    13 |    54 |    91 ||   171
       Falchion          |       |       |       |       |    29 ||    29
